Map: Thunderbird LE

Players

SandboX

  • Race: Zerg Zerg
  • League: Gold
  • Spawn Location: 5:00

Cooterfest - Winner!

  • Race: Protoss Protoss
  • League: Gold
  • Spawn Location: 11:00

VOD

Have the link to the VOD?

Description

Time

  • Played on: Aug. 10, 2019, 2:37 p.m.
  • Length: 11:25
Show
View Real Time Build Order
Export as new Build Order

SandboX Zerg 

Build Orders: Hatch First 

Get SALT Encoding   

  12  0:01  Drone  
  13  0:15  Overlord  
  13  0:22  Drone  
  13  0:28  Drone, Extractor  
  14  0:33  Drone  
  16  0:37  Drone  
  17  1:00  Drone x2  
  17  1:02  Hatchery  
  18  1:07  Extractor  
  17  1:14  Drone  
  18  1:20  Drone  
  19  1:31  Drone  
  19  1:32  Spawning Pool  
  19  1:41  Drone  
  20  1:55  Drone  
  21  2:05  Drone  
  22  2:18  Zergling x2  
  22  2:19  Zergling x2  
  24  2:27  Queen x2  
  24  2:28  Metabolic Boost  
  28  2:39  Overlord x2  
  28  2:40  Overlord  
  28  3:02  Drone x5  
  33  3:08  Hatchery  
  33  3:15  Hatchery  
  32  3:20  Drone x3  
  35  3:31  Drone x2  
  37  3:42  Queen  
  37  3:48  Drone x7  
  46  3:55  Roach Warren  
  46  3:59  Spore Crawler  
  46  4:02  Spore Crawler  
  43  4:05  Extractor  
  43  4:07  Extractor  
  41  4:12  Drone x4  
  41  4:13  Drone x4  
  41  4:16  Overlord  
  49  4:19  Overlord  
  49  4:40  Lair  
  49  4:46  Evolution Chamber  
  49  4:47  Evolution Chamber  
  49  4:50  Drone  
  49  4:51  Drone x11  
  59  5:14  Zerg Ground Armor Level 1, Zerg Missile Weapons Level 1  
  59  5:27  Drone x15  
  74  5:31  Extractor  
  74  5:32  Overlord x2  
  74  5:33  Overlord, Extractor  
  72  5:40  Extractor  
  71  5:53  Glial Reconstitution  
  71  5:57  Roach  
  71  5:58  Roach x9  
  71  5:59  Overlord  
  71  6:01  Overlord  
  91  6:15  Spore Crawler  
  90  6:19  Roach x5  
  90  6:20  Roach  
  80  6:54  Lair  
  78  7:07  Roach x8  
  78  7:08  Roach x4  
  93  7:21  Hatchery  
  92  7:38  Drone x6  
  98  7:54  Spore Crawler  
  98  7:58  Overseer x4  
  97  7:59  Overseer  
  97  8:03  Roach x4  
  105  8:08  Queen  
  107  8:18  Overlord x2  
  107  8:28  Drone  
  107  8:30  Overlord  
  108  8:40  Queen  
  100  8:57  Roach x10  
  88  9:06  Roach x3  
  76  9:10  Overseer x3  
  76  9:22  Drone x2  
  76  9:23  Drone x6  
  84  9:40  Roach x3  
  84  9:42  Overlord x5  
  90  10:01  Hydralisk Den  
  89  10:08  Roach  
  89  10:09  Roach x5  
  101  10:20  Roach x5  
  111  10:28  Roach x3  
  91  10:29  Zergling x2  
  57  10:44  Roach x4  
  57  10:49  Roach x2  
  67  10:57  Roach x2  
Show
View Real Time Build Order
Export as new Build Order

Cooterfest Protoss - Winner!

Build Orders: Archon Immortal 

Get SALT Encoding   

  12  0:02  Probe  
  13  0:14  Probe  
  13  0:19  Pylon  
  14  0:26  Probe  
  15  0:38  Probe  
  16  0:47  Gateway  
  16  0:50  Probe  
  16  0:51  Assimilator  
  17  1:02  Probe  
  18  1:10  Forge  
  18  1:15  Probe  
  19  1:24  Pylon  
  19  1:27  Probe  
  20  1:39  Probe  
  21  1:40  Zealot  
  23  1:57  Gateway  
  23  2:12  Nexus  
  23  2:25  Assimilator  
  23  2:29  Probe  
  23  2:51  Cybernetics Core  
  23  2:57  Pylon  
  23  3:01  Gateway  
  23  3:02  Probe  
  24  3:06  Zealot  
  26  3:14  Probe  
  27  3:26  Probe  
  28  3:29  Probe  
  28  3:33  Adept  
  31  3:41  Twilight Council  
  31  3:43  Robotics Facility  
  31  3:48  Warp Gate  
  31  3:56  Probe x2  
  33  4:07  Gateway  
  33  4:08  Gateway  
  33  4:09  Probe  
  34  4:13  Adept  
  36  4:18  Pylon  
  36  4:21  Probe, Assimilator  
  38  4:31  Dark Shrine  
  37  4:34  Probe  
  37  4:35  Probe  
  39  4:41  Warp Prism  
  41  4:47  Probe  
  42  4:53  Probe  
  43  5:07  Pylon  
  43  5:10  Probe x2  
  45  5:36  Immortal  
  49  5:44  Dark Templar x2  
  49  5:45  Dark Templar x2  
  49  5:47  Dark Templar  
  57  6:49  Probe  
  57  6:50  Probe  
  59  7:01  Probe  
  60  7:24  Immortal  
  60  7:26  Dark Templar  
  60  7:27  Dark Templar x2  
  70  7:32  Pylon  
  70  7:35  Pylon  
  70  7:39  Assimilator  
  70  7:42  Archon  
  70  7:43  Archon x2  
  70  7:50  Probe x2  
  72  7:58  Gateway  
  72  8:00  Pylon  
  72  8:01  Pylon  
  72  8:02  Probe x2  
  74  8:11  Dark Templar x5  
  84  8:13  Observer  
  84  8:14  Probe x2  
  84  8:19  Charge  
  87  8:26  Probe  
  88  8:30  Immortal  
  88  8:32  Gateway  
  88  8:33  Gateway  
  92  8:35  Gateway  
  92  8:36  Archon x2  
  92  8:37  Archon  
  92  8:47  Zealot  
  92  8:48  Zealot x2  
  96  8:49  Zealot  
  96  8:50  Zealot  
  86  9:14  Pylon  
  86  9:35  Gateway  
  86  9:44  Immortal  
  90  9:51  Robotics Bay  
  90  9:55  Robotics Facility  
  90  10:05  Zealot x5  
  90  10:06  Zealot  
  102  10:07  Zealot x3  
  98  10:41  Nexus  
  98  10:42  Dark Templar x3  
  102  10:43  Dark Templar x2  
  102  10:46  Zealot  
  110  10:50  Archon x2  
  110  10:58  Pylon  
  110  11:01  Pylon  
  110  11:02  Pylon  
  110  11:05  Assimilator  
  110  11:09  Assimilator  
Tags
 
Add a new tag
Caveats
  • Supply blocks, unpowered buildings, or Contaminate may cause inaccurate times.
  • Supply counts are checked every 10 seconds.